 Dungeon Crawl Stone Soup version 0.29.0 (webtiles) character file.

Game seed: 14899434661094116964

55 Dorkslayer the Trooper (level 3, 0/34 HPs)
             Began as a Hill Orc Fighter on Aug 31, 2022.
             Slain by a hobgoblin (3 damage)
             ... led by Robin
             ... on level 2 of the Dungeon.
             The game lasted 00:02:02 (1175 turns).

Dorkslayer the Trooper (Hill Orc Fighter)           Turns: 1175, Time: 00:02:02

Health: 0/34       AC:  7    Str: 20    XL:     3   Next: 93%
Magic:  3/3        EV:  9    Int:  8    God:
Gold:   82         SH:  4    Dex: 10    Spells: 2/2 levels left

rFire   + . .      SeeInvis .   a - +0 war axe
rCold   . . .      Faith    .   c - +0 buckler
rNeg    . . .      Spirit   .   b - +0 scale mail
rPois   .          Reflect  .   (no helmet)
rElec   .          Harm     .   (no cloak)
rCorr   +          Rampage  .   (no gloves)
Will    .....                   (no boots)
Stlth   ..........              (no amulet)
HPRegen 0.11/turn               p - ring of resist corrosion
MPRegen 0.08/turn               (no ring)

@: mighty
A: fire resistance 1, screaming 1
a: no special abilities


You were on level 2 of the Dungeon.
You visited 1 branch of the dungeon, and saw 2 of its levels.

You collected 82 gold pieces.

Inventory:

Hand Weapons
 a - a +0 war axe (weapon)
Missiles
 k - 2 javelins (quivered)
Armour
 b - a +0 scale mail (worn)
 c - a +0 buckler (worn)
Jewellery
 p - a ring of resist corrosion (left hand)
Scrolls
 e - 2 scrolls of teleportation {unknown}
 i - a scroll of acquirement {unknown}
 n - a scroll of noise {unknown}
 o - 2 scrolls of poison {unknown}
Potions
 g - a potion of ambrosia {unknown}
 h - a potion of magic {unknown}
 j - a potion of degeneration {unknown}
 l - a potion of heal wounds {unknown}
 m - a potion of haste {unknown}


   Skills:
 * Level 4.3 Fighting
 + Level 3.2 Axes
 + Level 3.8 Armour
 * Level 0.7 Dodging
 + Level 3.6 Shields


You had 2 spell levels left.
You didn't know any spells.
Your spell library contained the following spells:

 Spells                   Type           Power      Damage    Failure   Level
 Foxfire                  Conj/Fire      0%         2x1d4     85%         1
 Conjure Flame            Conj/Fire      0%         6-21      99%         3
 Inner Flame              Hex/Fire       0%         N/A       99%         3
 Flame Wave               Conj/Fire      0%         2d4       100%        4


Dungeon Overview and Level Annotations

Branches:
Dungeon (2/15)

Altars:

Annotations:
D:2 Robin


Innate Abilities, Weirdness & Mutations

Your flesh is heat resistant. (rF+)
You occasionally shout uncontrollably at your foes.


Message History

You feel very mighty all of a sudden. You block the hobgoblin's attack.
The goblin hits you with a +0 club. The goblin hits you with a +0 dagger.
The goblin closely misses you. The goblin hits you with a +0 club. x2
The hobgoblin attacks as you move away!
The hobgoblin hits you but does no damage.
Robin throws the goblin at you! The goblin hits you but does no damage.
The goblin barely misses you. The goblin hits you but does no damage.
The goblin hits you with a +0 club. The goblin attacks as you move away!
The goblin barely misses you. The goblin attacks as you move away!
The goblin closely misses you. You block the goblin's attack.
You block the hobgoblin's attack. The goblin barely misses you.
The hobgoblin attacks as you move away! You block the hobgoblin's attack.
The hobgoblin hits you but does no damage.
You hit the hobgoblin.
The hobgoblin is almost dead.
You closely miss the hobgoblin. You completely miss the goblin.
You closely miss the goblin.
The goblin unwields a +0 dagger.
The goblin wields a +0 sling.
The goblin shoots a sling bullet.
The sling bullet barely misses you. The goblin hits you but does no damage.
The hobgoblin hits you but does no damage.
The goblin hits you but does no damage. The hobgoblin hits you.
The goblin closely misses you. You block the hobgoblin's attack.
The hobgoblin closely misses you. The hobgoblin attacks as you move away!
The hobgoblin hits you.
* * * LOW HITPOINT WARNING * * *
The goblin barely misses you. You block the goblin's attack.
The goblin attacks as you move away! The goblin hits you with a +0 club.
* * * LOW HITPOINT WARNING * * *
The goblin attacks as you move away! The goblin hits you but does no damage.
The hobgoblin attacks as you move away!
The hobgoblin hits you but does no damage.
Okay, then.
It was a potion of mutation.
You feel extremely strange.
You feel the urge to shout.
You feel resistant to heat. The hobgoblin hits you.
* * * LOW HITPOINT WARNING * * *
The hobgoblin hits you.
You die...

##....#...# ..#...# #.. #.#...##
#.##..## #.###......# ##.#....##
#.##...##..### #....##..#
...............##....###.###
####.#.##..................####.
# #.#)# #####.....##<....... #
#.#.##########...#....#..###. #
#............@gg.).#####.# #
##..)##########gg.#...... .# #
#..)## ##.ggg..#.... # # #...#
##..gggg$..... #
#...########............. #
#.)...................$..
#...########.............. #...#
#............. #...#
#.............


You could see Robin, 4 hobgoblins and 6 goblins.

Vanquished Creatures
  An adder (D:2)
  2 dart slugs
  3 endoplasms
  A giant cockroach (D:1)
  4 goblins (D:1)
  5 hobgoblins
  3 jackals (D:1)
  A quokka (D:2)
  3 ball pythons
  3 bats
  5 frilled lizards
  3 kobolds (D:2)
  5 rats
39 creatures vanquished.

Notes
Turn   | Place    | Note
-------+----------+-------------------------------------------
     0 | D:1      | Dorkslayer the Hill Orc Fighter began the quest for the
                  | Orb.
     0 | D:1      | Reached XP level 1. HP: 19/19 MP: 1/1
    39 | D:1      | Reached XP level 2. HP: 20/27 MP: 2/2
   226 | D:1      | Reached skill level 4 in Fighting
   599 | D:1      | Reached XP level 3. HP: 32/33 MP: 3/3
  1163 | D:2      | Noticed Robin
  1175 | D:2      | Gained mutation: You occasionally shout uncontrollably at
                  | your foes. [potion of mutation]
  1175 | D:2      | Gained mutation: Your flesh is heat resistant. (rF+)
                  | [potion of mutation]
  1175 | D:2      | Slain by a hobgoblin

Illustrated notes

Levels and vault maps discovered:
D:1:      minmay_arrival_glassed_features, layout_rooms, minivault_14
D:2:      layout_rooms, uniq_robin

Skill      XL: |  1  2  3 |
---------------+----------+-----
Fighting       | 4 |  4.3
Axes           | 3 |  3.2
Armour         | |  3.8
Dodging        | |  0.7
Shields        | |  3.6

Action                   || total
-------------------------++-------
Melee: War axe           ||    90
  Use: Potion            ||     2
Armor: Scale mail        ||    59
Dodge: Dodged            ||    51
Block: Buckler           ||    28
